 Dungeon Crawl Stone Soup version 0.31-a0-344-gd109795599 (webtiles) character file.

Game seed: 11888471501054589295

159422 Pooter the Severer (level 17, -8/159 HPs)
             Began as a Minotaur Berserker on July 20, 2023.
             Was a High Priest of Trog.
             Mangled by a death yak (21 damage)
             ... summoned by a spriggan berserker
             ... on level 3 of the Swamp on July 21, 2023.
             The game lasted 02:40:37 (41939 turns).

Pooter the Severer (Minotaur Berserker)            Turns: 41939, Time: 02:40:38

Health: -8/159     AC: 25    Str: 37    XL:     17   Next: 16%
Magic:  17/17      EV: 10    Int:  6    God:    Trog [*****.]
Gold:   879        SH:  5    Dex: 16    Spells: 16/16 levels left

rFire   + + .        a - +6 executioner's axe of the Lurker {vamp, *Noise Will+ Str+4}
rCold   x . .        (shield currently unavailable)
rNeg    . . .        r - +3 plate armour
rPois   +            (helmet unavailable)
rElec   .            n - scarf "Sonushoc" {harm, Fly rC- Dex+7}
rCorr   .            T - +2 pair of gloves {Stlth+}
SInv    .            M - +0 pair of boots
Will    ++++.        g - amulet "Doph" {Reflect rF++ SH+5} Stlth
                     K - +6 ring of strength
HPRegen 1.46/turn    P - ring of poison resistance
MPRegen 0.15/turn

%: harm (+30% outgoing, +20% incoming), reflection
@: strong-willed, on berserk cooldown, flying, regenerating, slowed, very slow
A: horns 3, retaliatory headbutt, iridescent scales 1, clumsy 1, high MP 1,
sense surroundings 1
a: Renounce Religion, Berserk, Trog's Hand, Brothers in Arms


You were on level 3 of the Swamp.
You worshipped Trog.
Trog was extremely pleased with you.
You visited 4 branches of the dungeon, and saw 25 of its levels.
You also visited: Bailey.

You collected 3178 gold pieces.
You spent 2299 gold pieces at shops.

Inventory:

Hand Weapons
 a - the +6 executioner's axe of the Lurker (weapon) {vamp, *Noise Will+ Str+4}
   (You acquired it on level 8 of the Dungeon)

   Str:       It affects your strength (+4).
   *Noise:    It may make noises in combat.
   Will:      It increases your willpower.
 b - a +3 heavy orcbow
   (You took it off an orc warrior on level 2 of the Orcish Mines)
 e - a +2 heavy broad axe
   (You took it off a death knight on level 13 of the Dungeon)
 V - a +3 arbalest of freezing
   (You bought it in a shop on level 9 of the Dungeon)
 X - a +1 great mace of holy wrath
   (You took it off an orc knight on level 2 of the Orcish Mines)
Missiles
 x - 10 javelins
 B - 29 boomerangs (quivered)
 U - 5 silver boomerangs
 W - 3 boomerangs of dispersal {!f}
Armour
 n - the scarf "Sonushoc" (worn) {harm, Fly rC- Dex+7}
   (You acquired it on level 14 of the Dungeon)

   Dex:       It affects your dexterity (+7).
   rC:        It makes you vulnerable to cold.
   Fly:       It grants you flight.
 r - a +3 plate armour (worn)
   (You found it on level 4 of the Dungeon)
 M - a +0 pair of boots (worn)
   (You found it on level 12 of the Dungeon)
 T - a +2 pair of gloves of stealth (worn)
   (You bought it in a shop on level 6 of the Dungeon)
Jewellery
 g - the amulet "Doph" (around neck) {Reflect rF++ SH+5}
   (You bought it in a shop on level 2 of the Orcish Mines)

   [amulet of reflection]

   It reflects blocked missile attacks.
   rF:        It greatly protects you from fire.
   SH:        It affects your SH (+5).
 p - a ring of willpower
   (You found it on level 4 of the Dungeon)
 C - a ring of resist corrosion
   (You found it on level 8 of the Dungeon)
 F - a ring of protection from fire
   (You found it on level 4 of the Lair of Beasts)
 I - a ring of protection from cold
   (You found it on level 3 of the Dungeon)
 K - a +6 ring of strength (left hand)
   (You found it on level 9 of the Dungeon)
 L - a ring of flight
   (You found it on level 11 of the Dungeon)
 N - a ring of positive energy
   (You found it on level 7 of the Dungeon)
 P - a ring of poison resistance (right hand)
   (You found it on level 12 of the Dungeon)
 S - a ring of see invisible
   (You bought it in a shop on level 2 of the Orcish Mines)
Wands
 f - a wand of flame (28)
   (You found it on level 5 of the Lair of Beasts)
 q - a wand of roots (19)
   (You found it on level 8 of the Dungeon)
 u - a wand of paralysis (34)
   (You found it on level 3 of the Lair of Beasts)
 y - a wand of quicksilver (20)
   (You found it on level 9 of the Dungeon)
 A - a wand of polymorph (15)
   (You took it off Duvessa on level 7 of the Dungeon)
Scrolls
 i - 7 scrolls of identify {@r1}
 k - 3 scrolls of immolation {!r}
 l - 5 scrolls of vulnerability {!r}
 m - a scroll of revelation
 o - 2 scrolls of noise {!r}
 s - 4 scrolls of fear
 t - 2 scrolls of teleportation {@r4}
 G - 4 scrolls of fog
 Q - a scroll of summoning
 Z - 3 scrolls of blinking
Potions
 d - 4 potions of mutation {!q}
 h - 3 potions of haste {@q3}
 j - 3 potions of attraction {!q}
 v - 16 potions of curing {@q1}
 w - 6 potions of might
 z - 5 potions of resistance
 E - 7 potions of enlightenment
 H - 4 potions of lignification {!q}
 J - 2 potions of heal wounds {@q2}
 O - 3 potions of invisibility
 R - 2 potions of cancellation
Miscellaneous
 c - a sack of spiders
   (You found it on level 1 of the Swamp)
 D - a condenser vane
   (You found it in a bailey)
 Y - a phantom mirror
   (You found it on level 5 of the Lair of Beasts)


   Skills:
 + Level 16.4 Fighting
 * Level 20.7(21.2) Axes
 - Level 8.3(15.7) Polearms
 - Level 18.0 Ranged Weapons
 * Level 0.9 Throwing
 + Level 12.2 Armour
 + Level 3.1 Dodging
 - Level 9.5 Evocations


You had 16 spell levels left.
You didn't know any spells.
Your spell library was empty.

Dungeon Overview and Level Annotations

Branches:
Dungeon (15/15) Zot: 24961    Lair (5/5) D:8 Zot: 16976   Swamp (3/4) Lair:3 Zot: 12692
  Snake (0/4) Lair:3        Slime (0/5) Lair:4          Orc (2/2) D:11 Zot: 8961
    Elf (0/3) Orc:2        Vaults (0/5) D:13         Depths (0/4) D:15
 Bailey (visited)
 Temple: D:4-7

Altars:
Cheibriados
Dithmenos
Elyvilon
Fedhas
Gozag
Hepliaklqana
Makhleb
Okawaru
Sif Muna
Trog
Vehumet
Wu Jian
Xom
Yredelemnul

Shops:
D:6 [   D:9 (   D:12 !   Orc:2 ?=*:

Portals:
Trove: D:13 (give +5 ice dragon scales)


Innate Abilities, Weirdness & Mutations

You have a pair of large horns on your head.
You reflexively headbutt those who attack you in melee.
You are partially covered in iridescent scales. (AC +2)
You are clumsy. (Dex -2)
You have an increased reservoir of magic. (+10% MP)
You passively map a small area around you.


Message History

You hear a roar!
You hear a chilling moan.
f - a wand of flame (28) (gained 14 charges)
Things that are here:
a +2 dagger of speed; a +1 robe of willpower; a fenstrider witch corpse You start resting.
You feel a strong urge to attack something.
You start resting.
You are no longer berserk.
You are exhausted.
You feel yourself slow down.
You start resting.
A spriggan berserker comes into view. It is wielding a +1 flail of venom.
Your skin crawls.
You feel strong-willed.
The spriggan berserker shouts!
The spriggan berserker hits you with a +1 flail of venom!
* * * LOW HITPOINT WARNING * * *
You closely miss the spriggan berserker.
Your headbutt misses the spriggan berserker.
The spriggan berserker prays to Trog.
The elephant goes berserk!
You closely miss the spriggan berserker.
Your headbutt misses the spriggan berserker.
You slice the elephant!! The elephant tramples you!
* * * LOW HITPOINT WARNING * * *
You hold your ground!
The elephant closely misses you.
The spriggan berserker prays to Trog.
The death yak goes berserk!
The elephant closely misses you. You furiously retaliate!
You headbutt the elephant!
The elephant trunk-slaps you but does no damage.
You barely miss the spriggan berserker. You hit the elephant.
The spriggan berserker hits you but does no damage.
The elephant tramples you but does no damage.
The elephant trunk-slaps you but does no damage.
A five-headed hydra comes into view.
The spriggan berserker invokes Trog's protection!
As you read the scroll of fear, it crumbles to dust.
You assume a fearsome visage.
The elephant is unaffected.
The death yak is unaffected.
The five-headed hydra looks frightened!
The spriggan berserker resists with almost no effort.
The elephant tramples you!
* * * LOW HITPOINT WARNING * * *
You hold your ground!
The elephant barely misses you. x2
You block the elephant's attack. The death yak gores you!
* * * LOW HITPOINT WARNING * * *
The spriggan berserker utters an invocation to Trog.
The spriggan berserker goes berserk!
The death yak gores you!!
You die...

~~~~♣* *
♣♣. * * , ,
.~~.♣ .. ,,
~ , , ♣♣♣##
##.* * ** ,
♣♣..♣♣ , ,
, ~ *
♣....♣♣ ~ ,
** * ♣.)♣♣
, ** * ,,
♣♣..♣♣ , *
* ** ,
#♣Y.♣♣ * *
, #♣@Y♣♣ ..
~ ~~* ,*
♣♣i.♣#.~~~
* ~P ,♣♣ *
*♣♣/..~.~~~
~ , ♣♣~ ♣..
*,
♣♣..♣♣#.~~~
♣..♣
*♣♣..♣♣ *
...* ~,
♣..♣ ♣♣..♣♣
.♣ ,
♣..♣♣..♣♣
*, ~
♣....♣♣ , ,
~ ♣♣..♣♣ ,
*


You could see a death yak (summoned, berserk), an elephant (summoned, berserk)
and a spriggan berserker (berserk, regenerating, strong-willed).

Vanquished Creatures
  A thorn hunter (Swamp:1)
  A fenstrider witch (Swamp:3)
  3 ghouls (Swamp:1)
  A stone giant (D:15)
  3 eleionomae
  4 bunyips
  The ghost of ragingrage the Spry, a journeyman FeCK of Xom (Swamp:1)
  Nessos (D:14)
  3 vault guards (D:13)
  The ghost of Jiolyugh the Geomancer, a journeyman GrEE of Qazlal (D:14)
  Fannar (D:11)
  9 hydras
  An ice dragon (Orc:2)
  2 ghost crabs (Swamp:1)
  5 catoblepae
  The ghost of Zedil the Slicer, a journeyman VSBr of Ru (D:13)
  8 alligators
  An anaconda (Swamp:2)
  9 centaur warriors
  7 boulder beetles
  4 two-headed ogres
  3 tengu warriors
  A death knight (D:13)
  A deep troll shaman (Lair:5)
  12 death yaks (Lair:5)
  10 spriggans
  The ghost of bakla the Warmonger, a novice DsSh of Okawaru (D:6)
  6 skeletal warriors
  3 goliath frogs
  2 skysharks
  2 spriggan druids
  5 swamp dragons
  11 bog bodies
  A wizard (D:13)
  2 deep elf pyromancers
  2 necromancers (D:13)
  Pikel (D:7)
  12 orc knights
  2 phantasmal warriors (D:13)
  3 harpies (D:13)
  22 ugly things
  3 cyclopes
  A will-o-the-wisp (Swamp:3)
  4 manticores
  An orc sorcerer (Orc:1)
  8 spectral spriggans (Swamp:1)
  10 elephants
  5 black mambas
  21 slime creatures
  Joseph (D:7)
  3 gargoyles
  9 cane toads
  13 komodo dragons
  An unseen horror (shapeshifter) (D:14)
  7 rime drakes
  6 freezing wraiths
  An ice devil (D:14)
  2 tengu conjurers
  A queen bee (D:13)
  2 trolls
  5 polar bears
  9 meliai
  10 blink frogs
  A bloated husk (Swamp:1)
  5 tyrant leeches
  A wolf spider simulacrum (D:14)
  8 hornets
  5 dream sheep (Lair:4)
  Sigmund (D:6)
  5 centaur simulacra (D:14)
  3 shadows (D:11)
  5 wyverns
  A vampire (D:12)
  2 wraiths
  19 humans (D:13)
  10 basilisks
  69 yaks
  A steam dragon (D:8)
  11 vampire mosquitoes
  7 wargs (Orc:2)
  Menkaure (D:7)
  2 two-headed ogre zombies (D:11)
  3 nagas (Lair:3)
  10 swamp worms
  An acid dragon (D:12)
  12 water moccasins
  Duvessa (D:7)
  2 swamp drakes (Swamp:1)
  43 orc warriors
  5 black bears
  2 ice beasts
  6 ogres
  14 wolves
  11 centaurs
  3 lemures (D:7)
  2 phantoms
  21 bullfrogs
  3 scorpions
  A gnoll sergeant (D:6)
  2 hornet simulacra (D:14)
  4 wights (D:8)
  Dowan (D:7)
  34 killer bees
  An electric eel (Lair:3)
  6 howler monkeys
  11 jellies
  3 hounds (D:5)
  4 gnoll boudas
  Crazy Yiuf (D:2)
  13 orc priests
  A sleepcap (D:6)
  4 iguanas
  26 orc wizards
  6 ogre zombies (D:11)
  A boggart simulacrum (D:14)
  16 gnolls
  6 adders
  2 shadow imps (D:8)
  A white imp (D:6)
  4 ufetubi
  A worm (D:3)
  2 dart slugs
  79 orcs
  7 ball pythons
  16 endoplasms
  3 giant cockroaches
  14 goblins
  13 hobgoblins
  5 jackals
  3 quokkas
  6 bats
  3 frilled lizards
  2 goblin zombies (D:11)
  2 hobgoblin skeletons (D:11)
  A hobgoblin zombie (D:11)
  29 kobolds
  6 orc skeletons (D:11)
  14 orc zombies (D:11)
  3 rats
  A fire vortex (Orc:2)
946 creatures vanquished.

Vanquished Creatures (others)
  A boulder beetle (D:14)
  2 bloated husks
  4 foxfires (Swamp:3)
7 creatures vanquished.

Grand Total: 953 creatures vanquished

Notes
Turn   | Place    | Note
-------+----------+-------------------------------------------
     0 | D:1      | Pooter the Minotaur Berserker began the quest for the Orb.
     0 | D:1      | Reached XP level 1. HP: 19/19 MP: 0/0
    49 | D:1      | Reached skill level 4 in Axes
    84 | D:1      | Reached XP level 2. HP: 26/27 MP: 1/1
   547 | D:1      | Reached XP level 3. HP: 18/33 MP: 2/2
   758 | D:1      | Reached ** piety under Trog
   996 | D:2      | Found a runed translucent door.
   997 | D:2      | Noticed Crazy Yiuf
  1106 | D:2      | Reached skill level 5 in Axes
  1156 | D:2      | Reached XP level 4. HP: 33/41 MP: 3/3
  1721 | D:2      | Killed Crazy Yiuf
  1722 | D:2      | Reached skill level 5 in Fighting
  1722 | D:2      | Reached skill level 6 in Axes
  1722 | D:2      | Reached XP level 5. HP: 48/48 MP: 4/4
  1786 | D:3      | Noticed a water moccasin
  2103 | D:3      | Killed a water moccasin
  2104 | D:3      | Reached skill level 7 in Axes
  2104 | D:3      | Reached XP level 6. HP: 57/57 MP: 5/5
  2663 | D:4      | Found a shimmering altar of Xom.
  2765 | D:4      | Reached *** piety under Trog
  2977 | D:4      | Reached skill level 8 in Axes
  3025 | D:4      | Reached XP level 7. HP: 53/64 MP: 6/6
  3170 | D:4      | Found a basalt altar of Yredelemnul.
  3417 | D:4      | Found a snail-covered altar of Cheibriados.
  3508 | D:5      | Entered Level 5 of the Dungeon
  3517 | D:5      | Reached skill level 9 in Axes
  3609 | D:5      | Found a white marble altar of Elyvilon.
  3699 | D:5      | Reached XP level 8. HP: 65/73 MP: 7/7
  3758 | D:5      | Reached skill level 10 in Axes
  3981 | D:5      | Found a burning altar of Makhleb.
  4194 | D:5      | Reached skill level 11 in Axes
  4328 | D:5      | Found a shadowy altar of Dithmenos.
  4684 | D:6      | Reached skill level 1 in Ranged Weapons
  4753 | D:6      | Noticed bakla's ghost (novice DsSh)
  4755 | D:6      | Found a transporter.
  4758 | D:6      | Found a transporter.
  4780 | D:6      | Reached skill level 1 in Polearms
  5137 | D:6      | Noticed Sigmund
  5146 | D:6      | Reached XP level 9. HP: 78/82 MP: 8/8
  5370 | D:6      | Killed Sigmund
  5438 | D:6      | Found Maf Caagg's Armour Shoppe.
  6082 | D:7      | Noticed Joseph
  6095 | D:7      | Killed Joseph
  6309 | D:7      | Noticed Dowan
  6314 | D:7      | Killed Dowan
  6314 | D:7      | Noticed Duvessa
  6315 | D:7      | Reached skill level 5 in Polearms
  6315 | D:7      | Reached skill level 5 in Ranged Weapons
  6325 | D:7      | Killed Duvessa
  6580 | D:7      | Reached **** piety under Trog
  6639 | D:7      | Noticed Menkaure
  6642 | D:7      | Killed Menkaure
  6795 | D:7      | Noticed Pikel
  6802 | D:7      | Killed Pikel
  6803 | D:7      | Reached XP level 10. HP: 93/93 MP: 9/9
  6978 | D:8      | Noticed a two-headed ogre
  6986 | D:8      | Killed a two-headed ogre
  6987 | D:8      | Reached skill level 10 in Fighting
  7051 | D:8      | Found a bloodstained altar of Trog.
  7081 | D:8      | Found a flagged portal.
  7095 | Bailey   | Entered a bailey
 10301 | D:8      | Found an opulent altar of Gozag.
 10500 | D:8      | Identified a scroll of acquirement
 10500 | D:8      | Acquired the +6 executioner's axe of the Lurker {vamp,
                  | *Noise Will+ Str+4}
 10745 | D:8      | Found a staircase to the Lair.
 10961 | D:9      | Reached skill level 12 in Axes
 11408 | D:9      | Reached XP level 11. HP: 85/101 MP: 10/10
 11429 | D:9      | Noticed a boulder beetle
 11435 | D:9      | Killed a boulder beetle
 11625 | D:9      | Reached skill level 1 in Evocations
 11657 | D:9      | Identified the +4 falchion "Zeex" {vamp, rElec Int+4}
 11863 | D:9      | Found Dyheli's Antique Weapon Boutique.
 11871 | D:9      | Bought a glowing arbalest for 225 gold pieces
 12037 | D:9      | Found a shimmering blue altar of Sif Muna.
 12037 | D:9      | Found an ornate altar of the Wu Jian Council.
 12045 | D:9      | Found a radiant altar of Vehumet.
 12047 | D:9      | Found a hazy altar of Hepliaklqana.
 12049 | D:9      | Found a blossoming altar of Fedhas.
 12151 | D:10     | Entered Level 10 of the Dungeon
 12151 | D:10     | Noticed Urug
 12152 | D:10     | Urug changed into Urug the water moccasin
 12152 | D:10     | Noticed Urug
 12156 | D:10     | Killed Urug the water moccasin
 12226 | D:10     | Found an iron altar of Okawaru.
 12245 | D:10     | Reached skill level 13 in Axes
 12391 | D:10     | Noticed a green ugly thing
 12399 | D:10     | Killed a green ugly thing
 12618 | D:10     | Reached skill level 10 in Ranged Weapons
 12750 | D:10     | Reached ***** piety under Trog
 12751 | D:10     | Noticed a two-headed ogre
 12758 | D:10     | Killed a two-headed ogre
 13235 | Lair:1   | Entered Level 1 of the Lair of Beasts
 13334 | Lair:1   | Gained mutation: You are weak. (Str -2) [potion of
                  | mutation]
 13334 | Lair:1   | Gained mutation: Your flesh is cold resistant. (rC+)
                  | [potion of mutation]
 13334 | Lair:1   | Gained mutation: You have an increased reservoir of magic.
                  | (+10% MP) [potion of mutation]
 13335 | Lair:1   | Lost mutation: You have an increased reservoir of magic.
                  | (+10% MP) [potion of mutation]
 13335 | Lair:1   | Lost mutation: You are weak. (Str -2) [potion of mutation]
 13335 | Lair:1   | Lost mutation: Your flesh is cold resistant. (rC+) [potion
                  | of mutation]
 13335 | Lair:1   | Gained mutation: You have hidden genetic potential. [potion
                  | of mutation]
 13335 | Lair:1   | Gained mutation: You have an increased reservoir of magic.
                  | (+10% MP) [potion of mutation]
 13335 | Lair:1   | Gained mutation: You are clumsy. (Dex -2) [potion of
                  | mutation]
 13335 | Lair:1   | Gained mutation: You passively map a small area around you.
                  | [potion of mutation]
 13752 | Lair:1   | Reached skill level 14 in Axes
 13855 | Lair:1   | Reached XP level 12. HP: 79/112 MP: 12/12
 14160 | Lair:1   | Upgraded the game from 0.31-a0-331-geda263fcf1 to
                  | 0.31-a0-339-gda1cbd555d
 14502 | D:6      | Bought a +2 pair of gloves of stealth for 258 gold pieces
 15526 | Lair:2   | Noticed a catoblepas
 16513 | Lair:2   | Killed a catoblepas
 16692 | Lair:2   | Gained mutation: You are partially covered in iridescent
                  | scales. (AC +2) [hidden potential]
 17114 | Lair:3   | Reached skill level 15 in Axes
 17529 | Lair:3   | Reached skill level 5 in Armour
 17546 | Lair:3   | Reached skill level 5 in Evocations
 17565 | Lair:3   | Reached XP level 13. HP: 119/119 MP: 13/13
 17806 | Lair:3   | Found a staircase to the Snake Pit.
 18616 | Lair:3   | Found a staircase to the Swamp.
 19732 | Lair:4   | Gained mutation: You have a pair of large horns on your
                  | head. [hidden potential]
 19732 | Lair:4   | Lost mutation: You have hidden genetic potential. [hidden
                  | potential expressed]
 19837 | Lair:4   | Reached skill level 16 in Axes
 22025 | Lair:4   | Found a staircase to the Slime Pits.
 22341 | Lair:5   | Entered Level 5 of the Lair of Beasts
 24722 | Lair:5   | Identified the +0 shortbow "Ijot" {speed, rN+ Will+ Int+3}
 24869 | Lair:5   | Reached XP level 14. HP: 130/130 MP: 14/14
 25050 | Lair:5   | Reached skill level 17 in Axes
 26734 | D:11     | Received a gift from Trog
 26737 | D:11     | Found a staircase to the Orcish Mines.
 27016 | D:11     | You fall into a shaft and drop 3 floors!
 27020 | D:14     | Found a runed translucent gate.
 27020 | D:14     | Found a runed translucent gate.
 27021 | D:14     | Found a runed translucent gate.
 27356 | D:11     | Noticed Fannar
 27364 | D:11     | Killed Fannar
 27508 | Orc:1    | Entered Level 1 of the Orcish Mines
 28316 | Orc:2    | Entered Level 2 of the Orcish Mines
 29148 | Orc:2    | Received a gift from Trog
 29361 | Orc:2    | Reached skill level 15 in Ranged Weapons
 29465 | Orc:2    | Found a staircase to the Elven Halls.
 29694 | Orc:2    | Found Ilairr's General Store.
 29694 | Orc:2    | Found Buemulia's Book Shop.
 29699 | Orc:2    | Bought a wand of roots (4) for 153 gold pieces
 30034 | Orc:2    | Found Wywunyd's Magic Scroll Emporium.
 30034 | Orc:2    | Found Luscheule's Jewellery Shop.
 30040 | Orc:2    | Bought a scroll of identify for 28 gold pieces
 30040 | Orc:2    | Bought 3 scrolls of blinking for 315 gold pieces
 30040 | Orc:2    | Bought a scroll of fog for 56 gold pieces
 30040 | Orc:2    | Bought a scroll of summoning for 133 gold pieces
 30040 | Orc:2    | Bought a scroll of identify for 28 gold pieces
 30051 | Orc:2    | Bought the amulet "Doph" {Reflect rF++ SH+5} for 763 gold
                  | pieces
 30051 | Orc:2    | Bought a ring of see invisible for 210 gold pieces
 30614 | D:12     | Reached skill level 18 in Axes
 30710 | D:12     | Reached XP level 15. HP: 139/139 MP: 15/15
 30802 | D:12     | Found Zeorykob's Distillery.
 30806 | D:12     | Bought a potion of resistance for 130 gold pieces
 31189 | D:13     | Found the +5 scythe "Finisher" {speed, execute}
 31464 | D:13     | Found a runed translucent door.
 31482 | D:13     | Noticed Zedil's ghost (journeyman VSBr)
 31490 | D:13     | Killed Zedil's ghost
 31621 | D:13     | Found a gate to the Vaults.
 32024 | D:13     | Found a portal to a secret trove of treasure.
 32116 | D:13     | Reached skill level 15 in Fighting
 32265 | D:14     | Reached skill level 10 in Armour
 32488 | D:14     | Received a gift from Trog
 32770 | D:14     | Noticed Jiolyugh's ghost (journeyman GrEE)
 33117 | D:14     | Reached skill level 19 in Axes
 33123 | D:14     | Noticed Nessos
 33133 | D:14     | Killed Nessos
 33540 | D:14     | Reached XP level 16. HP: 149/149 MP: 16/16
 34031 | D:14     | Killed Jiolyugh's ghost
 34477 | D:14     | Acquired the scarf "Sonushoc" {harm, Fly rC- Dex+7}
 34556 | D:15     | Entered Level 15 of the Dungeon
 34572 | D:15     | Found a staircase to the Depths.
 35507 | D:15     | Found the +8 autumn katana {manifold assault}
 36406 | D:6      | Killed bakla's ghost
 36435 | D:6      | Upgraded the game from 0.31-a0-339-gda1cbd555d to
                  | 0.31-a0-344-gd109795599
 36679 | Swamp:1  | Entered Level 1 of the Swamp
 36766 | Swamp:1  | Received a gift from Trog
 37230 | Swamp:1  | Reached skill level 20 in Axes
 38000 | Swamp:1  | Noticed a thorn hunter
 38009 | Swamp:1  | Killed a thorn hunter
 38344 | Swamp:1  | Found a runed translucent door.
 38346 | Swamp:1  | Noticed ragingrage's ghost (journeyman FeCK)
 38360 | Swamp:1  | Killed ragingrage's ghost
 38360 | Swamp:1  | Received a gift from Trog
 41633 | Swamp:3  | Reached XP level 17. HP: 112/159 MP: 17/17
 41939 | Swamp:3  | Mangled by a death yak

Illustrated notes

Levels and vault maps discovered:
D:1:      erik_arrival_cave_to_civilisation [erik_arrival_cave_to_hall],
          layout_basic
D:2:      cheibrodos_fertilizer, layout_basic, minmay_misc_feat_cross,
          kennysheep_generic_room_9, uniq_crazy_yiuf_cottage
D:3:      layout_rooms, minivault_14
D:4:      layout_loops_ring, nicolae_overflow_hidden_temple,
          mainiacjoe_overflow_alcove_4, tgw_xom,
          minmay_temple_entry_from_below_b
D:5:      minmay_recursive_quarters, layout_rooms, mainiacjoe_overflow_alcove_1,
          mainiacjoe_overflow_paths, kennysheep_mini
D:6:      layout_basic, serial_shops, kennysheep_mini_moat,
          gammafunk_ghost_arena, uniq_sigmund
D:7:      layout_loops_ring, uniq_joseph, uniq_menkaure, uniq_duvessa,
          uniq_pikel
D:8:      layout_loops_ring, grunt_gozag_breadcrumbs, bloody_trog,
          erik_lair_dragon, enter_bailey_2
D:9:      layout_loops_corners, chequers_temple_overflow_minitemple,
          serial_shops, shop_statue, minmay_microvault
D:10:     layout_roguey, okawaru_metal_pillars_3, minmay_misc_feat_enclosed,
          uniq_urug
D:11:     layout_loops_cross, zombieorc2_lemuel, uniq_fannar
D:12:     layout_basic, serial_shops, shop
D:13:     layout_roguey [special_room_bee], grunt_vaults_entry_tiered,
          trove_entry_hex_spiral, gammafunk_ghost_grave, argonaut_gorgonesque
D:14:     kennysheep_ambush_hall, layout_cave_pools, gammafunk_ghost_icy,
          patterned_corridor, grunt_decor_cap, minmay_misc_feat_tower,
          chequers_serial_rivers_large_a, onia_ninara_cookie, uniq_nessos
D:15:     grunt_enter_depths_giant_problem, layout_grid_maze
Lair:1:   layout_layer_cave
Lair:2:   layout_loops_ring, chequers_serial_rivers_large_b, grunt_megastairs_4
Lair:3:   layout_small_grid, nicolae_swamp_entry_splash_gauntlet,
          minmay_snake_entry_guardpost_small, grunt_megastairs_3,
          lemuel_fruit_tree
Lair:4:   layout_gridlike, nicolae_slime_entry_field_trip,
          dreamdust_gnoll_shepherd
Lair:5:   grunt_lair_end_beastmaster, layout_cave_pods,
          infiniplex_staircase_pool_2, serial_bayou_shore_a
Swamp:1:  nicolae_swamp_flooded_prison, layout_basic_swamp,
          ebering_ghost_reflecting_pool, evilmike_swamp_ruin_house_2,
          swamp_pool5, statue_in_the_mist_lemuel, nicolae_swamp_treefoil
Swamp:2:  layout_basic_swamp, evilmike_swamp_ruin_house_6, swamp_pool1,
          ldierk_geyser, nicolae_swamp_snake_nest
Swamp:3:  nzn_winding_woodlands_cross [nzn_winding_woodlands_5x15_lazy_stream,
          nzn_winding_woodlands_5x15_jagged, nzn_winding_woodlands_5x15_eye,
          nzn_winding_woodlands_5x15_pool,
          nzn_winding_woodlands_15x15_thick_spiral], layout_basic_swamp,
          hangedman_swamp_ruin_wall, swamp_pool2
Orc:1:    layout_diamond_mine
Orc:2:    st_orc_town, layout_caves, portal_ice_cave_entry_animals_and_master,
          nicolae_orc_lava_tube

Skill      XL: |  1  2  3  4  5  6  7  8  9 10 11 12 13 14 15 16 17 |
---------------+----------------------------------------------------+-----
Axes           | 4 5 6 7 8 9 11 12 14 15 16 18 19 20 | 20.7
Fighting       | 4 5 6 7 8 9 10 11 12 13 14 15 16 | 16.4
Ranged Weapons | 2 6 9 11 12 13 15 16 17 18 | 18.0
Polearms       | 2 6 8 |  8.3
Evocations     | 3 5 6 7 8 9 |  9.5
Armour         | 5 7 9 10 12 | 12.2
Dodging        | 3 |  3.1
Throwing       | |  0.9

Action                     |  1- 3 |  4- 6 |  7- 9 | 10-12 | 13-15 | 16-18 || total
---------------------------+-------+-------+-------+-------+-------+-------++-------
  Melee: Hand axe          |    71 |   125 |   132 |       |       |       ||   328
         Headbutt          |    14 |    20 |    47 |    45 |   121 |    46 ||   293
         Trident           |       |       |    87 |    49 |    16 |       ||   152
         Punch             |       |       |     1 |       |       |       ||     1
         Executioner's axe |       |       |       |   261 |   613 |   222 ||  1096
   Fire: Longbow           |       |       |    40 |   102 |       |       ||   142
         Arbalest          |       |       |       |    96 |   282 |       ||   378
         Orcbow            |       |       |       |       |    73 |   175 ||   248
  Throw: Dart              |       |     4 |     6 |     4 |       |       ||    14
         Boomerang         |       |       |       |       |     5 |    10 ||    15
 Invoke: Berserk           |       |     2 |     8 |     6 |    10 |     9 ||    35
         Trog's Hand       |       |     2 |     7 |    15 |    26 |     6 ||    56
         Brothers in Arms  |       |       |       |       |       |     2 ||     2
  Evoke: Condenser vane    |       |       |       |     1 |     1 |     1 ||     3
         Wand              |       |       |       |     1 |     2 |     4 ||     7
    Use: Scroll            |     3 |       |     8 |    16 |    12 |     3 ||    42
         Potion            |       |       |       |     3 |     2 |     2 ||     7
   Stab: Confused          |       |       |       |     1 |       |     2 ||     3
         Petrified         |       |       |       |     1 |    14 |       ||    15
 Armour: Animal skin       |    12 |       |       |       |       |       ||    12
         Chain mail        |    13 |    48 |       |       |       |       ||    61
         Plate armour      |       |       |   141 |   278 |   496 |   171 ||  1086
  Dodge: Dodged            |    35 |    27 |    77 |   146 |   327 |   113 ||   725
  Block: Kite shield       |     3 |    26 |    33 |       |       |       ||    62
         Other             |       |       |       |       |    92 |    59 ||   151
         Reflection        |       |       |       |       |     9 |     1 ||    10

Table legend: (Time is in decaauts)
 A = Elapsed time spent in this place.
 B = Non-inter-level travel time spent in this place.
 C = Inter-level travel time spent in this place.
 D = Time resting spent in this place.
 E = Time spent auto-exploring this place.
 F = Levels seen in this place.
 G = Mean time per level.
                   A        B        C        D        E       F      G
               +--------+--------+--------+--------+--------+-----+--------+
         Total |  42665 |  40785 |   1880 |  18667 |  16017 |  26 | 1641.0 |
       Dungeon |  18094 |  16800 |   1294 |   4294 |   9477 |  15 | 1206.3 |
          Lair |  13023 |  12569 |    454 |   6883 |   4325 |   5 | 2604.6 |
         Swamp |   5305 |   5286 |     19 |   3515 |   1203 |   3 | 1768.3 |
  Orcish Mines |   3038 |   2926 |    112 |   1275 |    891 |   2 | 1519.0 |
        Bailey |   3204 |   3204 |      0 |   2698 |    120 |   1 | 3204.0 |
               +--------+--------+--------+--------+--------+-----+--------+

Top non-repeatable levels by time:
  Lair:5: 3537 daAuts
  Bailey: 3204 daAuts
  Lair:4: 2741 daAuts
  Lair:3: 2710 daAuts
    D:14: 2377 daAuts
  Lair:2: 2177 daAuts
 Swamp:2: 2177 daAuts
 Swamp:1: 2027 daAuts
  Lair:1: 1856 daAuts
   Orc:1: 1562 daAuts
    D:15: 1485 daAuts
   Orc:2: 1475 daAuts
     D:6: 1469 daAuts
    D:13: 1467 daAuts
     D:8: 1375 daAuts
